 Dungeon Crawl Stone Soup version 0.26.1-11-gd32895ea62 (webtiles) character file.

Game seed: 16498291448310136797

781 Destapler the Shield-Bearer (level 7, 0/53 (62) HPs)
             Began as a Minotaur Fighter on July 2, 2021.
             Was an Initiate of Cheibriados.
             Slain by a wight
             ... wielding a +0 great sword
              (11 damage)
             ... on level 5 of the Dungeon.
             The game lasted 00:07:42 (4684 turns).

Destapler the Shield-Bearer (Minotaur Fighter)      Turns: 4684, Time: 00:07:42

HP:   0/53 (62)     AC:  7    Str: 24    XL:     7   Next: 55%
MP:   6/6           EV:  8    Int:  6    God:    Cheibriados [......]
Gold: 315           SH: 10    Dex: 10    Spells: 6/6 levels left

rFire    + . .     SeeInvis +   r - +0 whip (venom)
rCold    . . .     Faith    .   c - +0 kite shield
rNeg     . . .     Spirit   .   b - +0 scale mail
rPois    .         Reflect  .   (helmet restricted)
rElec    .         Harm     .   h - scarf {+Inv}
rCorr    .         Rampage  .   (no gloves)
Will     .....                  (no boots)
Stlth    ..........             (no amulet)
HPRegen  0.17/turn              o - ring of see invisible
MPRegen  0.10/turn              q - ring of protection from fire

@: heavily drained, very slow
A: retaliatory headbutt, horns 2
a: Renounce Religion, Evoke Invisibility, Bend Time


You were on level 5 of the Dungeon.
You worshipped Cheibriados.
Cheibriados was noncommittal.
You visited 1 branch of the dungeon, and saw 6 of its levels.

You collected 315 gold pieces.

Inventory:

Hand Weapons
 a - a +0 war axe
 r - a +0 whip of venom (weapon)
Missiles
 i - 17 poisoned darts (quivered)
Armour
 b - a +0 scale mail (worn)
 c - a +0 kite shield (worn)
 h - a scarf of invisibility (worn)
Jewellery
 o - a ring of see invisible (left hand)
 q - a ring of protection from fire (right hand)
 t - a cursed ring of teleportation {unknown}
Wands
 x - a wand of acid (8)
Scrolls
 e - 4 scrolls of identify
 f - 2 scrolls of enchant armour {unknown}
 k - 2 scrolls of fog {unknown}
 l - a scroll of enchant weapon {unknown}
 p - 3 scrolls of teleportation {unknown}
 u - 3 scrolls of amnesia
 w - a scroll of noise {unknown}
 y - a scroll of random uselessness {unknown}
 z - 2 scrolls of remove curse
Potions
 d - 3 potions of attraction
 g - 5 potions of lignification {unknown}
 j - a potion of invisibility {unknown}
 m - a potion of flight {unknown}
 n - 2 potions of heal wounds {unknown}
 s - a potion of resistance
 v - 2 potions of curing {unknown}
 A - a potion of brilliance {unknown}


   Skills:
 + Level 5.7 Fighting
 + Level 5.2 Axes
 + Level 5.7 Armour
 + Level 5.7 Shields
 + Level 3.1 Evocations


You had 6 spell levels left.
You didn't know any spells.
Your spell library contained the following spells:

 Spells                   Type           Power        Failure   Level
 Sandblast                Erth           0%           98%         1
 Passwall                 Tmut/Erth      0%           99%         2
 Stone Arrow              Conj/Erth      0%           100%        3
 Petrify                  Tmut/Erth      0%           100%        4
 Lee's Rapid Deconstruct  Erth           0%           100%        5


Dungeon Overview and Level Annotations

Branches:
Dungeon (6/15)
 Temple: D:4-7

Altars:
Cheibriados
Gozag
Hepliaklqana
Ru
Sif Muna
Uskayaw
Yredelemnul

Annotations:
D:5 3 runed translucent doors, Elvor's ghost, novice GnWr; Elvor's ghost, weakling GrDe; Sensen's ghost, novice GrEE


Innate Abilities, Weirdness & Mutations

You reflexively headbutt those who attack you in melee.
You have a pair of horns on your head.


Message History

The wight hits you but does no damage.
You whack the wight!
You destroy the wight!
Cheibriados appreciates the change of pace.
The wight barely misses you.
The wight hits you with a +0 great sword!
* * * LOW HITPOINT WARNING * * *
You feel drained.
* * * LOW HITPOINT WARNING * * *
Things that are here:
a +0 falchion; a +0 robe You barely miss the wight.
You block the wight's attack.
You closely miss the wight. You block the wight's attack.
You closely miss the wight. You headbutt the wight.
The wight is lightly damaged.
You block the wight's attack.
You barely miss the wight.
The wight is lightly damaged.
The wight hits you with a +0 great sword!
You die...

#.##.# ##.....####(####[#.#
##.##.###................#.#
#.....##...................#
#.###............##.########
##.# #.##.........##........#
#..###...........###.######.#
#......####.....## #.# #.#
#.##.### ##...## #.# #.#
#.##.# ##@## #.# #.# #.##.#
#####z######.# #.##
#.##.####....z.......# #(##
#.##......###)######## #..(
#.######### #># #### #.# #.#
# #.# #.# #.###########.#
#.............#


You could see 2 wights.

Vanquished Creatures
  An ice beast (D:5)
  An ogre (D:4)
  A centaur (D:5)
  2 wights
  A howler monkey (D:4)
  A hound (D:4)
  Natasha (thrice) (D:3)
  An iguana (D:4)
  3 worker ants
  A killer bee zombie (D:5)
  Robin (D:2)
  A gnoll (D:1)
  6 adders
  3 white imps (D:5)
  3 oozes
  A worm (D:5)
  2 dart slugs (D:2)
  7 leopard geckos
  2 orcs (D:4)
  2 giant cockroaches
  15 hobgoblins
  A quokka (D:3)
  2 ball pythons
  3 bats
  5 frilled lizards
  10 goblins
  5 kobolds
  3 rats
  A spectral orc (D:3)
88 creatures vanquished.

Vanquished Creatures (others)
  3 withered plants (D:5)
3 creatures vanquished.

Grand Total: 91 creatures vanquished

Notes
Turn   | Place    | Note
-------+----------+-------------------------------------------
     0 | D:1      | Destapler the Minotaur Fighter began the quest for the Orb.
     0 | D:1      | Reached XP level 1. HP: 19/19 MP: 0/0
     4 | D:1      | Noticed an electric eel
     5 | D:1      | Noticed an electric eel
   219 | D:1      | Reached XP level 2. HP: 23/27 MP: 1/1
   685 | D:2      | Reached XP level 3. HP: 30/33 MP: 2/2
   844 | D:2      | Noticed Robin
   859 | D:2      | Killed Robin
   860 | D:2      | Reached skill level 1 in Evocations
   873 | D:2      | Reached XP level 4. HP: 39/40 MP: 3/3
  1554 | D:3      | Found a sacrificial altar of Ru.
  1705 | D:3      | Found a basalt altar of Yredelemnul.
  1913 | D:3      | Found an opulent altar of Gozag.
  2013 | D:3      | Noticed Natasha
  2022 | D:3      | Killed Natasha
  2023 | D:3      | Reached XP level 5. HP: 33/47 MP: 4/4
  2241 | D:3      | Noticed Natasha
  2246 | D:3      | Killed Natasha
  2250 | D:3      | Noticed Natasha
  2256 | D:3      | Killed Natasha
  2467 | D:4      | Reached XP level 6. HP: 44/55 MP: 5/5
  2504 | D:4      | Reached skill level 5 in Fighting
  2504 | D:4      | Reached skill level 5 in Armour
  2504 | D:4      | Reached skill level 5 in Shields
  3556 | D:4      | Found a shimmering blue altar of Sif Muna.
  3644 | D:5      | Entered Level 5 of the Dungeon
  3644 | D:5      | Found a snail-covered altar of Cheibriados.
  3647 | D:5      | Became a worshipper of Cheibriados the Contemplative
  3989 | D:5      | Found a hide-covered altar of Uskayaw.
  4024 | D:5      | Reached XP level 7. HP: 61/61 MP: 6/6
  4282 | D:5      | Reached skill level 5 in Axes
  4423 | D:5      | Found a hazy altar of Hepliaklqana.
  4515 | D:5      | Found a runed translucent gate.
  4516 | D:5      | Found a runed translucent gate.
  4516 | D:5      | Found a runed translucent gate.
  4518 | D:5      | Noticed Elvor's ghost (novice GnWr)
  4518 | D:5      | Noticed Sensen's ghost (novice GrEE)
  4518 | D:5      | Noticed Elvor's ghost (weakling GrDe)
  4684 | D:5      | Slain by a wight

Illustrated notes

Levels and vault maps discovered:
D:1:      arrival_aquarium_b, layout_basic, grunt_decor_junction
D:2:      layout_loops_ring, uniq_robin
D:3:      layout_basic, yredelemnul_forgotten_temple_becter,
          lemuel_crystal_altar, nicolae_overflow_crystal_walls, uniq_natasha
D:4:      layout_loops_cross, led_sif_pool, st_stairs_12
D:5:      layout_loops_ring, nzn_hepliaklqana_mist_gate, kennysheep_mini_moat,
          gammafunk_ghost_cemetery, cheibriados_altar_1
D:6:      layout_loops_cross, elyvilon_altar_5, marbit_many_paths,
          minmay_temple_entry_trees, bh_walls_and_bars, uniq_blork_the_orc

Skill      XL: |  1  2  3  4  5  6  7 |
---------------+----------------------+-----
Axes           | 3 4 5 |  5.2
Armour         | 4 5 |  5.7
Shields        | 4 5 |  5.7
Fighting       | 4 5 |  5.7
Evocations     | 1 2 3 |  3.1

Action                   |  1- 3 |  4- 6 |  7- 9 || total
-------------------------+-------+-------+-------++-------
Melee: War axe           |    76 |    23 |       ||    99
       Headbutt          |     7 |    25 |    12 ||    44
       Whip              |       |   102 |    45 ||   147
       Flail             |       |    12 |       ||    12
  Use: Potion            |     1 |       |       ||     1
       Scroll            |       |     3 |       ||     3
Armor: Scale mail        |    32 |    37 |    19 ||    88
Dodge: Dodged            |    26 |    35 |    14 ||    75
Block: Kite shield       |    34 |    54 |    21 ||   109
